 Dungeon Crawl Stone Soup version 0.17-a0-1475-g9f81d98 (webtiles) character file.

93 amnekian the Sneak (level 4, -2/28 HPs)
             Began as an Octopode Transmuter on July 2, 2015.
             Slain by an ooze (4 damage)
             ... on level 2 of the Dungeon.
             The game lasted 00:07:50 (2065 turns).

amnekian the Sneak (Octopode Transmuter)            Turns: 2065, Time: 00:07:50

Health: -2/28      AC:  1    Str:  9    XL:     4   Next: 62%
Magic:  2/7        EV: 12    Int: 16    God:
Gold:   94         SH:  0    Dex: 12    Spells: 2 memorised, 4 levels left

rFire  . . .     SeeInvis .       - Unarmed
rCold  . . .     Clarity  .     (no shield)
rNeg   . . .     SustAt   .     (helmet restricted)
rPois  +         Gourm    .     (no amulet)
rElec  .         Spirit   .     f - ring of poison resistance
rCorr  .         Warding  .     (no ring)
rMut   .         Stasis   .     (no ring)
MR     .....                    (no ring)
Stlth  ++++......               (no ring)
                                (no ring)
                                (no ring)
                                (no ring)

@: appendage, not resistant to hostile enchantments, stealthy
A: almost no armour, amphibious, 8 rings, constrict 8, tentacle spike 3,
camouflage 1, gelatinous body 1
a: End Transformation


You were on level 2 of the Dungeon.
You were not hungry.
One of your tentacles had a temporary spike.
You visited 1 branch of the dungeon, and saw 2 of its levels.

You collected 94 gold pieces.

Inventory:

Missiles
 a - 5 arrows
 d - 32 stones (quivered)
 l - 13 poisoned needles
Jewellery
 f - a ring of poison resistance (left tentacle)
Scrolls
 e - a scroll of recharging {unknown}
 i - a scroll of remove curse {unknown}
 j - 2 scrolls of identify {unknown}
 m - a scroll of enchant armour {unknown}
Potions
 k - a potion of lignification {unknown}
Books
 b - a book of Changes

   Spells                             Type                      Level
   a - Beastly Appendage              Transmutation                1
   b - Sticks to Snakes               Transmutation                2
   c - Spider Form                    Transmutation/Poison         3
   d - Ice Form                       Ice/Transmutation            4
   e - Blade Hands                    Transmutation                5
Comestibles
 c - a bread ration
 g - a slice of pizza
 n - a beef jerky


   Skills:
 - Level 1.0 Fighting
 - Level 2.0 Dodging
 * Level 3.8 Stealth
 - Level 3.0 Unarmed Combat
 - Level 2.0 Spellcasting
 - Level 3.7 Transmutations


You had 4 spell levels left.
You knew the following spells:

 Your Spells              Type           Power        Failure   Level  Hunger
a - Beastly Appendage     Trmt           ##....       6%          1    #......
b - Sticks to Snakes      Trmt           ##........   10%         2    ###....


Dungeon Overview and Level Annotations

Branches:
Dungeon (2/15)

Altars:
Ashenzari
Makhleb
The Shining One


Innate Abilities, Weirdness & Mutations

You cannot wear most types of armour.
You are amphibious.
You can wear up to eight rings at the same time.
You can use your tentacles to constrict eight enemies at once.
Your skin changes colour to match your surroundings (Stealth).
Your rubbery body absorbs attacks (AC +1).
One of your tentacles bears a large vicious spike.


Message History

You closely miss the adder. Your grab misses the adder.
The adder is moderately wounded.
The adder bites you.
* * * LOW HITPOINT WARNING * * *
You tentacle-slap the adder. Your grab misses the adder.
The adder is severely wounded.
The adder bites you.
* * * LOW HITPOINT WARNING * * *
You closely miss the adder. You grab the adder.
The adder is severely wounded.
You constrict the adder, but do no damage.
The adder bites you.
* * * LOW HITPOINT WARNING * * *
The adder closely misses you.
You tentacle-slap the adder.
You kill the adder!
You barely miss the ooze.
You pierce the ooze, but do no damage.
The ooze is lightly wounded.
The ooze hits you.
You die...

#.####.###'###..# #.
#..........# #.
#..........# #.
#..........# #.....
#..........#
#.....###..........#
#..................#
#.#...###......#.#.##
#.#.#.....((...J@...#
#.#.#..........#.#..#
..#.#..........)....#
....#...............#
##.......†..........#
#.##...............#
#..................#
##...################
...###


You could see an ooze.

Vanquished Creatures
  A river rat (D:2)
  4 adders (D:2)
  3 oozes (D:1)
  4 giant cockroaches
  3 goblins
  2 hobgoblins
  A quokka (D:2)
  A bat (D:1)
  3 giant newts
  4 kobolds
  8 rats
34 creatures vanquished.

Vanquished Creatures (collateral kills)
  A river rat (D:2)
  A worm (D:2)
2 creatures vanquished.

Vanquished Creatures (others)
  A plant (D:2)
1 creature vanquished.

Grand Total: 37 creatures vanquished

Notes
Turn   | Place    | Note
--------------------------------------------------------------
     0 | D:1      | amnekian the Octopode Transmuter began the quest for the Orb.
     0 | D:1      | Reached XP level 1. HP: 13/13 MP: 3/3
    13 | D:1      | Reached skill level 1 in Stealth
   340 | D:1      | Reached XP level 2. HP: 18/18 MP: 3/5
   948 | D:1      | Reached XP level 3. HP: 16/23 MP: 6/6
  1239 | D:2      | Found a burning altar of Makhleb.
  1276 | D:2      | Learned a level 2 spell: Sticks to Snakes
  1585 | D:2      | Reached XP level 4. HP: 25/28 MP: 5/7
  1963 | D:2      | Found a shattered altar of Ashenzari.
  1975 | D:2      | Found a glowing golden altar of the Shining One.
  2065 | D:2      | Slain by an ooze

Vault maps used:
D:1:      erik_arrival_gehennom
D:2:      wad_woods_stonehenge, nicolae_tso_swordbearing_angel,
          lemuel_crystal_altar

Action                   |  1- 3 |  4- 6 || total
-------------------------+-------+-------++-------
Melee: Unarmed           |    69 |    37 ||   106
Throw: Stone             |       |     3 ||     3
 Cast: Beastly Appendage |     8 |     3 ||    11
       Sticks to Snakes  |     3 |     4 ||     7
 Stab: Sleeping          |     9 |     2 ||    11
       Distracted        |       |     1 ||     1
  Eat: Chunk             |     2 |     2 ||     4
